 Dungeon Crawl Stone Soup version 0.26.0-18-gc5c842f807 (webtiles) character file.

Game seed: 2434332619899395990

1245 Phong the Caller (level 8, -3/53 HPs)
             Began as a Merfolk Summoner on Jan 22, 2021.
             Was an Initiate of Gozag.
             Slain by an orc knight
             ... wielding a +0 war axe
              (12 damage)
             ... in a bailey.
             The game lasted 00:34:11 (9717 turns).

Phong the Caller (Merfolk Summoner)                 Turns: 9717, Time: 00:34:11

Health: -3/53      AC:  7    Str: 11    XL:     8   Next: 50%
Magic:  11/16      EV: 13    Int: 24    God:    Gozag
Gold:   373        SH:  0    Dex: 22    Spells: 1/18 levels left

rFire    + + .     SeeInvis .   w - +0 trident
rCold    . . .     Faith    .   (no shield)
rNeg     . . .     Spirit   .   C - +2 leather armour {Will+}
rPois    .         Reflect  .   F - +1 helmet "Forget-Me-Not" {rF++ Int+4 Dex+2}
rElec    .         Harm     .   (no cloak)
rCorr    .         Rampage  .   (no gloves)
Will     +....                  (no boots)
Stlth    +.........             (no amulet)
HPRegen  0.17/turn              t - +6 ring of intelligence
MPRegen  0.15/turn              m - +6 ring of dexterity

@: confused, brilliant, marked, very slightly contaminated, invisible
A: change form in water, swift swim, stealthy swim
a: Renounce Religion, Potion Petition, Call Merchant, Bribe Branch


You were in a bailey.
You worshipped Gozag.
Gozag was aware of your devotion.
You visited 2 branches of the dungeon, and saw 8 of its levels.
You also visited: Sewer and Bailey.

You collected 554 gold pieces.
You spent 55 gold pieces at shops.
You paid 126 gold pieces to Gozag.

Inventory:

Hand Weapons
 n - a +0 hunting sling
 o - a +1 rapier
 v - a +0 short sword of venom
 w - a +0 trident (weapon)
 y - a +4 halberd
 N - a +3 mace of protection
Missiles
 b - 6 javelins
 j - 140 stones
 p - a throwing net
 D - 28 boomerangs
 L - 22 sling bullets
 M - 31 poisoned darts
Armour
 C - a +2 leather armour of willpower (worn)
 F - the +1 helmet "Forget-Me-Not" (worn) {rF++ Int+4 Dex+2}
   (You found it on level 4 of the Dungeon)

   It affects your intelligence (+4).
   It affects your dexterity (+2).
   It greatly protects you from fire.
Jewellery
 a - a cursed amulet of inaccuracy {unknown}
 k - an uncursed ring of stealth
 m - a +6 ring of dexterity (right hand)
 t - a +6 ring of intelligence (left hand)
Wands
 c - a wand of iceblast (9)
 f - a wand of enslavement (3)
Scrolls
 d - 4 scrolls of teleportation
 e - 2 scrolls of fear {unknown}
 g - 3 scrolls of enchant weapon
 h - 2 scrolls of amnesia
 i - 4 scrolls of remove curse
 l - a scroll of blinking
 q - a scroll of magic mapping {unknown}
 s - a scroll of fog
 E - a scroll of enchant armour {unknown}
 I - a scroll of immolation {unknown}
 K - a scroll of random uselessness {unknown}
Potions
 r - a potion of cancellation
 x - 3 potions of flight
 z - a potion of brilliance
 B - 2 potions of attraction
 H - a potion of curing
 J - 3 potions of mutation


   Skills:
 + Level 0.9 Fighting
 * Level 5.0 Polearms
 + Level 1.9 Armour
 - Level 3.0 Dodging
 - Level 2.1 Stealth
 + Level 5.5 Spellcasting
 + Level 7.0 Summonings
 + Level 2.0 Ice Magic
 * Level 1.1 Air Magic
 + Level 1.0 Evocations


You had one spell level left.
You knew the following spells:

 Your Spells              Type           Power        Failure   Level
a - Summon Small Mammal   Summ           100%         1%          1
b - Call Imp              Summ           57%          1%          2
c - Call Canine Familiar  Summ           57%          1%          3
d - Summon Ice Beast      Ice/Summ       42%          17%         4
e - Summon Guardian Gole  Hex/Summ       35%          8%          3
f - Summon Lightning Spi  Summ/Air       39%          21%         4

Your spell library contained the following spells:

 Spells                   Type           Power        Failure   Level


Dungeon Overview and Level Annotations

Branches:
Dungeon (7/15)             Temple (1/1) D:6           Sewer (visited)
 Bailey (1/1)

Altars:
Dithmenos
Fedhas
Gozag
Okawaru
Qazlal
Sif Muna
Vehumet

Shops:
D:4 }!   D:6 :

Annotations:
D:6 3 runed translucent doors, mojasp's ghost, novice DsFi


Message History

You feel invigorated.
The orc warrior pulls the alarm!
The alarm trap emits a blaring wail!
The mark upon you grows brighter. The goblin hits you but does no damage.
The goblin hits your lightning spire but does no damage.
Unknown command.
Unknown command.
Unknown command.
Unknown command.
You hit the orc knight but do no damage.
The orc knight is almost dead.
The orc warrior hits your lightning spire with a +0 battleaxe!
The kobold throws a boomerang.
The boomerang hits the orc warrior but does no damage.
The weapon returns to the kobold!
The goblin hits you with a +0 hand axe.
* * * LOW HITPOINT WARNING * * *
The goblin hits your lightning spire with a +0 hand axe.
An orc warrior comes into view. It is wielding a +0 hand axe.
The orc knight hits you with a +0 war axe!
You die...
Your body crumbles into a pile of gold.
K≈.≈K ##≈o≈# K≈o≈K

##≈o≈
.≈o≈
##$##
##oog##


#8ogo8# ##8°@## ##8## ### You could see an orc knight, 5 orc warriors, 2 orcs, a
hobgoblin, a goblin, a kobold and a friendly lightning spire (summoned).

Vanquished Creatures
  Eustachio (D:6)
  A phantom (D:6)
  A centaur (D:5)
  A jelly (D:5)
  An orc priest (D:3)
  2 hounds
  2 iguanas
  An orc wizard (D:6)
  2 adders
  A gnoll (D:4)
  A river rat (D:4)
  A shadow imp (D:6)
  3 oozes (Sewer)
  A worm (Sewer)
  2 dart slugs
  4 leopard geckos
  8 orcs
  4 ball pythons
  9 bats
  A giant cockroach (D:4)
  A goblin (D:2)
  4 hobgoblins
  5 jackals
  4 kobolds
  A quokka (D:4)
  A rat (D:1)
63 creatures vanquished.

Vanquished Creatures (collateral kills)
  Sigmund (D:4)
  2 ogres
  A centaur (D:6)
  2 bullfrogs (D:6)
  A wyvern skeleton (D:7)
  A bullfrog zombie (D:5)
  An orc priest (D:4)
  A gnoll shaman (D:4)
  6 orc wizards
  A hound (D:4)
  2 iguanas (D:6)
  A hound skeleton (D:5)
  3 gnolls (D:4)
  7 adders
  A river rat (D:4)
  A shadow imp (D:6)
  An ufetubus (D:6)
  An ooze (Sewer)
  4 worms
  5 dart slugs
  3 leopard geckos
  18 orcs
  4 ball pythons
  7 bats
  5 giant cockroaches
  6 goblins
  7 hobgoblins
  10 jackals
  A quokka (D:6)
  A frilled lizard (D:3)
  A jackal skeleton (D:6)
  5 kobolds
  6 rats
117 creatures vanquished.

Vanquished Creatures (others)
  An orc priest (D:4)
  An orc (D:4)
  A fungus (D:5)
  A plant (D:5)
4 creatures vanquished.

Grand Total: 184 creatures vanquished

Notes
Turn   | Place    | Note
-------+----------+-------------------------------------------
     0 | D:1      | Phong the Merfolk Summoner began the quest for the Orb.
     0 | D:1      | Reached XP level 1. HP: 13/13 MP: 3/3
   508 | D:1      | Reached XP level 2. HP: 19/19 MP: 0/5
   800 | D:1      | Learned a level 2 spell: Call Imp
  1510 | D:2      | Reached XP level 3. HP: 23/24 MP: 1/7
  1514 | D:2      | Learned a level 3 spell: Call Canine Familiar
  1924 | D:2      | Found a shadowy altar of Dithmenos.
  2442 | D:2      | Reached XP level 4. HP: 19/30 MP: 8/8
  3116 | D:3      | Reached skill level 5 in Summonings
  3371 | D:3      | Reached XP level 5. HP: 14/35 MP: 2/10
  4262 | D:4      | Noticed Sigmund
  4269 | D:4      | Killed Sigmund
  4270 | D:4      | Reached skill level 6 in Summonings
  4270 | D:4      | Reached XP level 6. HP: 24/41 MP: 1/12
  4277 | D:4      | Learned a level 4 spell: Summon Ice Beast
  4410 | D:4      | Found Xeh Haq's Gadget Emporium.
  4466 | D:4      | Found a glowing drain.
  4862 | D:4      | Reached skill level 1 in Polearms
  4879 | Sewer    | Entered a sewer
  5201 | Sewer    | Reached skill level 1 in Ice Magic
  5501 | D:4      | Reached XP level 7. HP: 22/46 MP: 5/14
  5813 | D:4      | Learned a level 3 spell: Summon Guardian Golem
  6241 | D:4      | Got a dazzling helmet
  6247 | D:4      | Identified the +1 helmet "Forget-Me-Not" {rF++ Int+4 Dex+2}
                  | (You found it on level 4 of the Dungeon)
  6464 | D:4      | Found Yhamn's Distillery.
  6469 | D:4      | Bought a potion of heal wounds for 55 gold pieces
  6494 | D:4      | Found an iron altar of Okawaru.
  6699 | D:5      | Entered Level 5 of the Dungeon
  6707 | D:5      | Found a blossoming altar of Fedhas.
  6730 | D:5      | Found a stormy altar of Qazlal.
  7391 | D:5      | Reached skill level 5 in Spellcasting
  7776 | D:5      | Reached skill level 1 in Armour
  8170 | D:6      | Found a radiant altar of Vehumet.
  8241 | D:6      | Found a staircase to the Ecumenical Temple.
  8261 | Temple   | Entered the Ecumenical Temple
  8296 | Temple   | Became a worshipper of Gozag Ym Sagoz the Greedy
  8324 | D:6      | Reached XP level 8. HP: 52/52 MP: 8/15
  8587 | D:6      | Learned a level 4 spell: Summon Lightning Spire
  8701 | D:6      | Found Faosij's Book Shop.
  8701 | D:6      | Noticed Eustachio
  8718 | D:6      | Killed Eustachio
  8984 | D:6      | Found a shimmering blue altar of Sif Muna.
  9133 | D:6      | Found a runed translucent gate.
  9133 | D:6      | Found a runed translucent gate.
  9133 | D:6      | Found a runed translucent gate.
  9134 | D:6      | Noticed mojasp's ghost (novice DsFi)
  9135 | D:6      | Noticed a kobold demonologist
  9312 | D:6      | Reached skill level 7 in Summonings
  9312 | D:6      | Reached skill level 1 in Air Magic
  9468 | D:7      | Reached skill level 5 in Polearms
  9656 | D:7      | Found a flagged portal.
  9663 | Bailey   | Entered a bailey
  9689 | Bailey   | Noticed an orc knight
  9699 | Bailey   | Reached skill level 1 in Evocations
  9717 | Bailey   | Slain by an orc knight

Illustrated notes

Levels and vault maps discovered:
D:1:      dpeg_arrival_renting, layout_basic
D:2:      layout_loops_ring, general_overflow_altar
D:3:      layout_rooms, small_statue_intersection
D:4:      layout_cave_pools, okawaru_trees_2, serial_shops,
          kennysheep_little_box, nicolae_shop_temple_entry_statues_fountains,
          portal_sewer_entry_c, kennysheep_decorative_pillar,
          grunt_decor_one_mirror, uniq_sigmund
D:5:      layout_basic, grunt_temple_overflow_forces_of_nature,
          kennysheep_generic_room_8
D:6:      layout_gridville, tgw_sif, lemuel_crystal_altar,
          minmay_temple_entry_steel_oval, serial_shops, shop,
          gammafunk_ghost_nasty_kobolds, uniq_eustachio
D:7:      minmay_polygon_palace, layout_loops_ring,
          nicolae_overflow_hidden_temple, enter_bailey_2, uniq_joseph,
          uniq_duvessa
Temple:   minmay_temple_curvy_loop
Bailey:   bailey_axe_1, bailey

Skill      XL: |  1  2  3  4  5  6  7  8 |
---------------+-------------------------+-----
Spellcasting   | 3 4 5 |  5.5
Summonings     | 5 6 7 |  7.0
Polearms       | 1 3 5 |  5.0
Ice Magic      | 1 2 |  2.0
Dodging        | 3 |  3.0
Armour         | 1 |  1.9
Air Magic      | 1 |  1.1
Evocations     | 1 |  1.0
Fighting       | |  0.9
Stealth        | |  2.1

Action                   |  1- 3 |  4- 6 |  7- 9 || total
-------------------------+-------+-------+-------++-------
Melee: Unarmed           |     9 |       |       ||     9
       Short sword       |    54 |       |       ||    54
       Rapier            |    27 |    56 |       ||    83
       Trident           |       |    45 |   148 ||   193
       Spear             |       |    21 |       ||    21
       Tailslap          |       |     2 |       ||     2
 Cast: Summon Small Mamm |    41 |    18 |    12 ||    71
       Call Imp          |    17 |    47 |    42 ||   106
       Call Canine Famil |       |     9 |    16 ||    25
       Summon Ice Beast  |       |       |     2 ||     2
       Summon Lightning  |       |       |     2 ||     2
       Summon Guardian G |       |       |     1 ||     1
Evoke: Wand              |       |     2 |       ||     2
  Use: Scroll            |       |     6 |    11 ||    17
       Potion            |       |     2 |     4 ||     6
 Stab: Sleeping          |     3 |     5 |     2 ||    10
       Distracted        |     1 |     3 |       ||     4
       Invisible         |       |       |     4 ||     4
Armor: Robe              |    23 |       |       ||    23
       Leather armour    |       |    19 |    25 ||    44
Dodge: Dodged            |    80 |   101 |   100 ||   281
